 Dungeon Sprint DCSS version 0.21.2 (webtiles) character file.

293 Fang the Cleaver (level 6, -5/44 HPs)
             Began as a Gargoyle Berserker on Sept 27, 2018.
             Was a High Priest of Trog.
             Killed from afar by Blork the orc (11 damage)
             ... with a puff of flame
             ... in the Dungeon (Sprint VII: "The Pits").
             The game lasted 00:00:59 (919 turns).

Fang the Cleaver (Gargoyle Berserker)                Turns: 919, Time: 00:00:59

Health: -5/44      AC:  0    Str: 22    XL:     6   Next: 33%
Magic:  6/6        EV: 22    Int:  8    God:    Trog [*****.]
Gold:   0          SH:  0    Dex: 14    Spells: 5/5 levels left

rFire    . . .     SeeInvis .   (weapon currently unavailable)
rCold    . . .     Gourm    .   (shield currently unavailable)
rNeg     + . .     Faith    .   (armour currently unavailable)
rPois    ∞         Spirit   .   (helmet currently unavailable)
rElec    .         Reflect  .   (cloak currently unavailable)
rCorr    .         Harm     .   (gloves currently unavailable)
MR       .....     NoTele   +   (boots currently unavailable)
Stlth    ++........             (no amulet)
HPRegen  0.14/turn              (ring currently unavailable)
MPRegen  0.10/turn              (ring currently unavailable)

@: bat-form (expiring), flying, very quick
A: tiny, negative energy resistance 1, petrification resistance, rot immunity,
AC +4
a: Berserk, Trog's Hand, Brothers in Arms, Burn Spellbooks, Renounce Religion


You were in the Dungeon.
You worshipped Trog.
Trog was extremely pleased with you.
You were not hungry.
You were in bat-form.
You visited 1 branch

Inventory:

Hand Weapons
 j - a +2 hand axe
 m - a +0 hand axe of freezing (melded)
Armour
 n - a +2 plate armour (melded)
Scrolls
 i - a scroll of blinking
 k - 3 scrolls of remove curse
 l - a scroll of summoning
Potions
 a - 2 potions of invisibility
 d - 6 potions of curing
 e - 6 potions of heal wounds
 f - a potion of haste
 g - 4 potions of magic
 h - 3 potions of berserk rage
Comestibles
 c - 9 rations


   Skills:
 + Level 7.9 Fighting
 + Level 8.5 Axes
 + Level 4.3 Armour
 + Level 4.6 Dodging
 + Level 2.0 Stealth


You had 5 spell levels left.
You didn't know any spells.

Dungeon Overview and Level Annotations

Branches:
Dungeon (1/1)

Altars:
Cheibriados
Dithmenos
Elyvilon
Fedhas
Gozag
Hepliaklqana
Makhleb
Nemelex Xobeh
Okawaru
Qazlal
Ru
Sif Muna
Trog
Vehumet
Wu Jian
Xom
Yredelemnul
Zin
The Shining One
Beogh
Jiyva
Lugonu

Annotations:
D Blork the orc


Innate Abilities, Weirdness & Mutations

You are resistant to torment.
((Your stone body is resilient. (AC +4)))
You are immune to poison.
You resist negative energy. (rN+)
((You are resistant to electric shocks. (rElec)))
((You can survive without breathing.))
You are immune to petrification.
You are immune to rotting.


Message History

You barely miss Blork the orc.
Blork the orc is almost dead.
You hit Blork the orc but do no damage.
Blork the orc is almost dead.
Your transformation is almost over.
Blork the orc hits you but does no damage.
You hit Blork the orc.
Blork the orc is almost dead.
Blork the orc gestures at you while chanting.
The magic dart hits you!
* * * LOW HITPOINT WARNING * * *
You hit Blork the orc but do no damage.
Blork the orc is almost dead.
Blork the orc hits you with a war axe.
* * * LOW HITPOINT WARNING * * *
You hit Blork the orc.
Blork the orc is almost dead.
Blork the orc casts a spell at you. The puff of flame hits you!
You die...

#.#†.......##.......#
#'###########.......#
#()#.#.## #########
#((.)...# ##.#.#.##
#.......# ##.#.#.##
#.......#+#
##.#.#..bo#
##########


You could see Blork the orc.

Vanquished Creatures
  A wolf (D)
  A centaur (D)
  An ogre (D)
  A mummy (D)
  A gnoll (D)
  A river rat (D)
  A leopard gecko (D)
  2 goblins (D)
  2 jackals (D)
  A kobold (D)
  3 bats (D)
  A giant cockroach zombie (D)
16 creatures vanquished.

Notes
Turn   | Place    | Note
-------+----------+-------------------------------------------
     0 | D        | Fang the Gargoyle Berserker began the quest for the Orb.
     0 | D        | Reached XP level 1. HP: 14/14 MP: 1/1
    20 | D        | Reached skill level 3 in Axes
    20 | D        | Reached XP level 2. HP: 6/20 MP: 2/2
   182 | D        | Found a bloodstained altar of Trog.
   182 | D        | Found a deep blue altar of Sif Muna.
   182 | D        | Found a viscous altar of Jiyva.
   182 | D        | Found a hazy altar of Hepliaklqana.
   182 | D        | Found an opulent altar of Gozag.
   183 | D        | Found a glowing golden altar of the Shining One.
   183 | D        | Found a glowing silver altar of Zin.
   183 | D        | Found a basalt altar of Yredelemnul.
   183 | D        | Found a shimmering altar of Xom.
   183 | D        | Found an ornate altar of the Wu Jian Council.
   183 | D        | Found a sacrificial altar of Ru.
   183 | D        | Found a stormy altar of Qazlal.
   183 | D        | Found an iron altar of Okawaru.
   183 | D        | Found a sparkling altar of Nemelex Xobeh.
   183 | D        | Found a burning altar of Makhleb.
   183 | D        | Found a blossoming altar of Fedhas.
   183 | D        | Found a white marble altar of Elyvilon.
   183 | D        | Found a shadowy altar of Dithmenos.
   183 | D        | Found a snail-covered altar of Cheibriados.
   185 | D        | Found a radiant altar of Vehumet.
   185 | D        | Found a corrupted altar of Lugonu.
   185 | D        | Found a roughly hewn altar of Beogh.
   303 | D        | Reached ** piety under Trog
   308 | D        | Reached skill level 5 in Fighting
   308 | D        | Reached skill level 4 in Axes
   465 | D        | Reached XP level 3. HP: 26/26 MP: 3/3
   474 | D        | Reached *** piety under Trog
   604 | D        | Noticed a wolf
   607 | D        | Noticed an ogre
   608 | D        | Noticed a centaur
   608 | D        | Reached **** piety under Trog
   614 | D        | Killed an ogre
   614 | D        | Reached skill level 6 in Axes
   614 | D        | Reached skill level 1 in Stealth
   614 | D        | Reached XP level 4. HP: 32/32 MP: 4/4
   618 | D        | Killed a wolf
   618 | D        | Reached skill level 7 in Axes
   618 | D        | Reached XP level 5. HP: 35/38 MP: 5/5
   632 | D        | Killed a centaur
   632 | D        | Reached ***** piety under Trog
   632 | D        | Reached skill level 8 in Axes
   632 | D        | Reached XP level 6. HP: 7/44 MP: 6/6
   881 | D        | Noticed Blork the orc
   919 | D        | Killed from afar by Blork the orc

Skill      XL: |  1  2  3  4  5 |
---------------+----------------+-----
Fighting       | 4 5 6 7 |  7.9
Axes           | 3 4 6 7 8 |  8.5
Armour         | 3 4 |  4.3
Dodging        | 2 3 4 |  4.6
Stealth        | 1 2 |  2.0

Action                   |  1- 3 |  4- 6 || total
-------------------------+-------+-------++-------
Melee: Hand axe          |    43 |    24 ||    67
       Unarmed           |       |    28 ||    28
Invok: Berserk           |     2 |       ||     2
  Eat: Chunk             |       |     2 ||     2
Armor: Animal skin       |    22 |       ||    22
       Plate armour      |     4 |    25 ||    29
Dodge: Dodged            |    38 |    15 ||    53
